 Dungeon Crawl Stone Soup version 0.30-a0-172-gc5509c9e31 (webtiles) character file.

Game seed: 5610711474043509878

58 quinnr the Digger (level 4, -1/26 HPs)
             Began as a Gargoyle Earth Elementalist on Oct 1, 2022.
             Slain by a scorpion (4 damage)
             ... on level 2 of the Dungeon.
             The game lasted 00:04:02 (1485 turns).

quinnr the Digger (Gargoyle Earth Elementalist)     Turns: 1485, Time: 00:04:03

Health: -1/26      AC:  7    Str: 11    XL:     4   Next: 1%
Magic:  0/8        EV: 12    Int: 18    God:
Gold:   77         SH:  0    Dex: 10    Spells: 7/8 levels left

rFire   . . .      SeeInvis .    (no weapon)
rCold   . . .      Faith    .    (no shield)
rNeg    + . .      Spirit   .    a - +0 robe
rPois   ∞          Reflect  .    (no helmet)
rElec   +          Harm     .    j - +0 cloak
rCorr   .          Rampage  .    (no gloves)
Will    .....                    g - +0 pair of boots
Stlth   ++........               (no amulet)
HPRegen 0.24/turn                (no ring)
MPRegen 0.11/turn                (no ring)

@: no status effects
A: sickness immunity, AC +3, negative energy resistance 1, electricity
resistance, torment resistance 1, petrification resistance
a: no special abilities


You were on level 2 of the Dungeon.
You visited 1 branch of the dungeon, and saw 2 of its levels.

You collected 77 gold pieces.


Innate Abilities, Weirdness & Mutations

You are immune to sickness and miasma.
Your stone body is resilient. (AC +3)
You are immune to poison.
You resist negative energy. (rN+)
You are resistant to electric shocks. (rElec)
You are resistant to unholy torment.
You are immune to petrification.


   Skills:
 - Level 2.0 Fighting
 - Level 2.0 Dodging
 - Level 2.3 Stealth
 + Level 2.7 Spellcasting
 - Level 0.9 Transmutations
 - Level 4.0 Earth Magic


You had 7 spell levels left.
You knew the following spells:

 Your Spells              Type           Power      Damage    Failure   Level
z - Sandblast             Erth           32%        2d9       3%          1

Your spell library contained the following spells:

 Spells                   Type           Power      Damage    Failure   Level
 Passwall                 Tmut/Erth      9%         N/A       10%         2
 Stone Arrow              Conj/Erth      18%        3d8       22%         3
 Petrify                  Tmut/Erth      11%        N/A       52%         4

Inventory:

Missiles
 l - 6 poisoned darts
Armour
 a - a +0 robe (worn)
 g - a +0 pair of boots (worn)
 j - a +0 cloak (worn)
Scrolls
 c - a scroll of poison {unknown}
 d - a scroll of magic mapping {unknown}
 e - 5 scrolls of identify {unknown}
 k - a scroll of teleportation {unknown}
Potions
 b - a potion of magic
 f - a potion of haste {@q3}
 h - 2 potions of curing {unknown}
 i - a potion of lignification {unknown}

Dungeon Overview and Level Annotations

Branches:
Dungeon (2/15)

Altars:
Zin

#.##.......).......## #.s.s
#.##.########..##...###.###
#.##.# #........##.# ##.##.#
##...........# # ##...#.#
####.........#### #.#......#
#........s..##### #........#
#.##.............. #^#.....##
#.####........###.
#...#...######.@s..........#
#........÷......####.#.#...###
#...#...######### #.#.##.....
#####...# #.......... #...#
###.####### #...# #.#
######...# #.# #........####
#.# #.####.#....# #.#


You could see a scorpion.


Message History

Aiming: Sandblast (safe; 3% risk of failure)
Press: ? - help, Shift-Dir - straight line, f/p - scorpion
Aim: a scorpion (heavily wounded, 82% to hit)
The blast of sand hits the scorpion.
The scorpion is severely wounded.
The scorpion stings you.
* * * LOW HITPOINT WARNING * * *
The scorpion stings you.
* * * LOW HITPOINT WARNING * * *
Casting: Sandblast (safe; 3% risk of failure)
Confirm with . or Enter, or press ? or * to list all spells.
Aiming: Sandblast (safe; 3% risk of failure)
Press: ? - help, Shift-Dir - straight line, f/p - scorpion
Aim: a scorpion (severely wounded, 82% to hit)
The blast of sand hits the scorpion.
The scorpion is almost dead.
The scorpion stings you.
* * * LOW HITPOINT WARNING * * *
The scorpion stings you.
* * * LOW HITPOINT WARNING * * *
Unknown command.
Casting: Sandblast (safe; 3% risk of failure)
Confirm with . or Enter, or press ? or * to list all spells.
Aiming: Sandblast (safe; 3% risk of failure)
Press: ? - help, Shift-Dir - straight line, f/p - scorpion
Aim: a scorpion (almost dead, 82% to hit)
The blast of sand hits the scorpion but does no damage.
The scorpion is almost dead.
The scorpion stings you.
You die...

Skill      XL: |  1  2  3 |
---------------+----------+-----
Earth Magic    | 4 |  4.0
Dodging        | 2 |  2.0
Fighting       | 1 2 |  2.0
Stealth        | |  2.3
Spellcasting   | |  2.7
Transmutations | |  0.9

Action                   |  1- 3 |  4- 6 || total
-------------------------+-------+-------++-------
Melee: Unarmed           |     1 |       ||     1
 Cast: Sandblast         |    44 |    14 ||    58
  Use: Potion            |       |     1 ||     1
Armor: Robe              |     7 |     2 ||     9
Dodge: Dodged            |    17 |    14 ||    31

Levels and vault maps discovered:
D:1:      dpeg_arrival_windows_large_door, layout_basic
D:2:      kennysheep_big_flooded_room, layout_loops_ring, basic_altar

Notes
Turn   | Place    | Note
-------+----------+-------------------------------------------
     0 | D:1      | quinnr the Gargoyle Earth Elementalist began the quest for
                  | the Orb.
     0 | D:1      | Reached XP level 1. HP: 10/10 MP: 3/3
   142 | D:1      | Reached XP level 2. HP: 15/15 MP: 0/5
   262 | D:1      | Reached skill level 4 in Earth Magic
   287 | D:1      | Reached skill level 2 in Dodging
   348 | D:1      | Reached skill level 1 in Fighting
   458 | D:1      | Reached XP level 3. HP: 20/20 MP: 3/6
   805 | D:2      | Found a glowing silver altar of Zin.
   835 | D:1      | Reached skill level 2 in Fighting
  1366 | D:2      | Noticed a scorpion
  1369 | D:2      | Reached XP level 4. HP: 26/26 MP: 3/8
  1484 | D:2      | HP: 2/26 [scorpion (4)]
  1485 | D:2      | Slain by a scorpion

Vanquished Creatures
  2 adders
  A worm (D:2)
  A dart slug (D:1)
  3 ball pythons
  9 endoplasms
  A giant cockroach (D:2)
  3 goblins (D:1)
  2 hobgoblins (D:1)
  3 bats
  2 frilled lizards (D:1)
  3 kobolds
  3 rats
33 creatures vanquished.

Table legend: (Time is in decaauts)
 A = Elapsed time spent in this place.
 B = Non-inter-level travel time spent in this place.
 C = Inter-level travel time spent in this place.
 D = Time resting spent in this place.
 E = Time spent auto-exploring this place.
 F = Levels seen in this place.
 G = Mean time per level.
                   A        B        C        D        E       F      G
               +--------+--------+--------+--------+--------+-----+--------+
         Total |   1496 |   1466 |     30 |     64 |   1073 |   2 |  748.0 |
       Dungeon |   1496 |   1466 |     30 |     64 |   1073 |   2 |  748.0 |
               +--------+--------+--------+--------+--------+-----+--------+

Top non-repeatable levels by time:
     D:1: 957 daAuts
     D:2: 539 daAuts

Table legend:
 A = Non-vault XP
 B = Vault XP
 C = Vault XP percentage of total XP
 D = Non-vault monster count
 E = Vault monster count
 F = Vault count percentage of total count
                 A         B        C        D         E       F
            +---------+---------+-------+---------+---------+-------
      Total |      81 |       2 |   2.4 |      32 |       1 |   3.0
            +---------+---------+-------+---------+---------+-------
        D:1 |      55 |       0 |   0.0 |      24 |       0 |   0.0
        D:2 |      26 |       2 |   7.1 |       8 |       1 |  11.1
            +---------+---------+-------+---------+---------+-------
